 Dungeon Crawl Stone Soup version 0.19-a0-1568-gdd01aac (webtiles) character file.

242 Amnesiac the Digger (level 5, 0/35 HPs)
             Began as a Mummy Earth Elementalist on Sept 15, 2016.
             Slain by an orc
             ... wielding a +0 mace
              (4 damage)
             ... on level 4 of the Dungeon.
             The game lasted 00:05:12 (1762 turns).

Amnesiac the Digger (Mummy Earth Elementalist)      Turns: 1762, Time: 00:05:12

Health: 0/35       AC:  4    Str: 11    XL:     5   Next: 81%
Magic:  8/8        EV: 12    Int: 16    God:
Gold:   53         SH:  0    Dex: 12    Spells: 3 memorised, 3 levels left

rFire  x . .     SeeInvis .     b - +2 dagger (venom)
rCold  + . .     Gourm    .     c - +0 robe
rNeg   + + +     Faith    .     (no shield)
rPois  ∞         Spirit   .     e - +1 helmet
rElec  .         Dismiss  .     (no cloak)
rCorr  .         Reflect  .     (no gloves)
MR     .....     Harm     .     (no boots)
Stlth  ++........               (no amulet)
                                (no ring)
                                (no ring)

@: no status effects
A: no food or potions, fire vulnerability, cold resistance 1, negative energy
resistance 3, torment resistance, unbreathing
a: no special abilities


You were on level 4 of the Dungeon.
You were not hungry.

You visited 1 branch of the dungeon, and saw 4 of its levels.

You collected 53 gold pieces.

Inventory:

Hand Weapons
 b - a +2 dagger of venom (weapon)
Armour
 c - a +0 robe (worn)
 e - a +1 helmet (worn)
Scrolls
 a - a scroll of recharging {unknown}
 f - a scroll of remove curse {unknown}
Books
 d - a book of Geomancy

   Spells                             Type                      Level
   a - Sandblast                      Earth                        1
   b - Passwall                       Transmutation/Earth          2
   c - Stone Arrow                    Conjuration/Earth            3
   d - Petrify                        Transmutation/Earth          4
   e - Lee's Rapid Deconstruction     Earth                        5


   Skills:
 - Level 1.5 Dodging
 - Level 1.5 Stealth
 - Level 2.5 Spellcasting
 - Level 0.7 Transmutations
 + Level 5.2 Earth Magic


You had 3 spell levels left.
You knew the following spells:

 Your Spells              Type           Power        Failure   Level  Hunger
f - Stone Arrow           Conj/Erth      ##....       21%         3    N/A
v - Passwall              Tmut/Erth      ##........   10%         2    N/A
z - Sandblast             Erth           ###...       2%          1    N/A

Dungeon Overview and Level Annotations

Branches:
Dungeon (4/15)
 Temple: D:4-7

Altars:

Shops:
D:4 !

Annotations:
D:3 Tux's ghost, amateur DrMo


Innate Abilities, Weirdness & Mutations

You do not eat or drink.
Your flesh is vulnerable to fire.
You are immune to poison.
Your flesh is cold resistant. (rC+)
You are immune to negative energy. (rN+++)
You are immune to unholy pain and torment.
You can survive without breathing.


Message History

The orc hits you with a whip.
* * * LOW HITPOINT WARNING * * *
Unknown command.
You kill the orc!
You closely miss the orc wizard.
The orc wizard is severely wounded.
The orc wizard points at you and mumbles some strange words.
You resist with some effort. The orc misses you.
Unknown command.
You barely miss the orc wizard.
The orc wizard is severely wounded.
The orc wizard hits you with a dagger.
* * * LOW HITPOINT WARNING * * *
Unknown command.
The orc wizard mumbles some strange words.
The orc wizard blinks!
You can't drink.
You hit the orc but do no damage.
You feel a bit more experienced. The orc hits you with a mace.
You die...

#...### #...... #...... #......
#...... .............#####
#...### ............
#...########...##. ..l.......r
#..........#...#.. ......oo..
#@.........#...#.. .......
#o.........#...... ..oo
#§.........#....8.
######'#######..........#...#..
+.....).....#))........##...##.
#.......o...'..........##...##.
#...........#....##....##...##.
#+############...##+#####...##.
..##..........#...#..


You could see an orc.

Vanquished Creatures
  A phantom (D:4)
  2 orc wizards (D:4)
  A worker ant (D:4)
  2 adders (D:3)
  An adder skeleton (D:2)
  13 orcs
  3 bats
  A giant cockroach (D:2)
  5 goblins
  A hobgoblin (D:2)
  8 jackals
  A kobold (D:3)
  A quokka (D:2)
  4 frilled lizards
  A quokka zombie (D:2)
  2 rats
47 creatures vanquished.

Notes
Turn   | Place    | Note
-------+----------+-------------------------------------------
     0 | D:1      | Amnesiac the Mummy Earth Elementalist began the quest for the Orb.
     0 | D:1      | Reached XP level 1. HP: 13/13 MP: 3/3
   218 | D:2      | Reached XP level 2. HP: 11/19 MP: 0/5
   437 | D:2      | Learned a level 2 spell: Passwall
   441 | D:2      | Reached skill level 3 in Earth Magic
   838 | D:3      | Reached XP level 3. HP: 20/24 MP: 3/6
   843 | D:3      | Learned a level 3 spell: Stone Arrow
  1089 | D:4      | Noticed a phantom
  1112 | D:4      | Killed a phantom
  1112 | D:4      | Reached skill level 4 in Earth Magic
  1112 | D:4      | Reached XP level 4. HP: 23/30 MP: 0/7
  1208 | D:4      | Found Yqa Maotza's Distillery.
  1290 | D:4      | Reached XP level 5. HP: 25/35 MP: 1/8
  1569 | D:3      | Noticed Tux's ghost (amateur DrMo)
  1616 | D:4      | Reached skill level 5 in Earth Magic
  1762 | D:4      | Slain by an orc

Vault maps used:
D:1:      sevenhm_arrival_forest_fort_small_6, minmay_misc_feat_pillars
D:2:      lemuel_round_altar, lemuel_round_altar, serial_undead,
          serial_undead_e, serial_undead_c, serial_undead_e, serial_undead_b,
          serial_undead_c, minmay_stone_trees_medium, bloody_trog
D:3:      lemuel_coloured_pillars_altar, grunt_ministairs_15, minivault_27
D:4:      serial_shops, nicolae_shop_statue_plus

Skill      XL: |  1  2  3  4  5 |
---------------+----------------+-----
Earth Magic    | 3 4 5 |  5.2
Dodging        | |  1.5
Stealth        | |  1.5
Spellcasting   | |  2.5
Transmutations | |  0.7

Action                   |  1- 3 |  4- 6 || total
-------------------------+-------+-------++-------
Melee: Unarmed           |     6 |       ||     6
       Dagger            |       |    49 ||    49
 Cast: Sandblast         |    48 |    22 ||    70
       Stone Arrow       |     2 |       ||     2
Armor: Robe              |    12 |    15 ||    27
Dodge: Dodged            |    40 |    48 ||    88
